 Dungeon Crawl Stone Soup version 0.24-a0-415-g6d73c25c48 (webtiles) character file.

Game seed: 9793960975025825963

1283 emperorscorpion the Cleaver (level 8, -2/71 HPs)
             Began as a Minotaur Berserker on June 7, 2019.
             Was a Believer of Trog.
             Splashed by a big kobold's acid (10 damage)
             ... on level 6 of the Dungeon.
             The game lasted 00:07:52 (900 turns).

emperorscorpion the Cleaver (Minotaur Berserker)     Turns: 900, Time: 00:07:52

Health: -2/71      AC:  4    Str: 24    XL:     8   Next: 29%
Magic:  7/7        EV:  8    Int:  4    God:    Trog [**....]
Gold:   130        SH:  0    Dex: 10    Spells: 7/7 levels left

rFire    + . .     SeeInvis .   a - +0 hand axe
rCold    + . .     Gourm    .   (no shield)
rNeg     . . .     Faith    .   e - +0 plate armour
rPois    .         Spirit   .   (helmet restricted)
rElec    .         Reflect  .   j - scarf {rC+ rF+}
rCorr    .         Harm     .   (no gloves)
MR       .....                  (no boots)
Stlth    ..........             (no amulet)
HPRegen  0.21/turn              (no ring)
MPRegen  0.10/turn              (no ring)

@: corroded
A: retaliatory headbutt, horns 2
a: Berserk, Trog's Hand, Renounce Religion


You were on level 6 of the Dungeon.
You worshipped Trog.
Trog was pleased with you.
You were not hungry.

You visited 1 branch of the dungeon, and saw 6 of its levels.

You collected 130 gold pieces.

Inventory:

Hand Weapons
 a - a +0 hand axe (weapon)
 d - a +3 whip
Missiles
 g - a boomerang (quivered)
Armour
 b - a +0 animal skin
 e - a +0 plate armour (worn)
 j - a scarf of resistance (worn)
Jewellery
 k - an uncursed ring of teleportation
Scrolls
 f - 2 scrolls of identify
 i - a scroll of random uselessness {unknown}
 l - a scroll of remove curse
Comestibles
 c - 3 rations
 h - 6 chunks of flesh


   Skills:
 + Level 6.9 Fighting
 + Level 9.1 Axes
 + Level 0.5 Throwing
 + Level 6.1 Armour
 + Level 3.3 Dodging


You had 7 spell levels left.
You didn't know any spells.
Your spell library was empty.

Dungeon Overview and Level Annotations

Branches:
Dungeon (6/15)             Temple (0/1) D:6

Altars:
Cheibriados
Dithmenos


Innate Abilities, Weirdness & Mutations

You reflexively headbutt those who attack you in melee.
You have a pair of horns on your head.


Message History

a cursed -3 shortbow; 28 arrows; a centaur corpse You butcher the centaur corpse.
h - 6 chunks of flesh (gained 5)
Things that are here:
a cursed -3 shortbow; 28 arrows; a centaur skeleton
(D) Dungeon (T) Temple
Where to? (Enter - D:6 @ (x,y), ? - help)
The big kobold is too close now for your liking.
Throwing (i - inventory)
g - a boomerang (quivered)
Press: ? - help, Shift-Dir - straight line, f - big kobold
Aim: a big kobold, wielding a +0 short sword and carrying a wand of acid (8) (hasn't noticed you)
You throw a boomerang. The boomerang hits the big kobold.
The big kobold is lightly wounded.
The big kobold shouts!
The big kobold zaps a wand.
The bolt of acid hits you! The acid corrodes you!
You are splashed with acid!
The big kobold zaps a wand.
The bolt of acid hits you!!
* * * LOW HITPOINT WARNING * * *
The acid corrodes you!
You are splashed with acid!
You die...

###............#####
#....... #
#....)...........#
...#.......
#................#
.>..#.#.....
#................#
....#.######
#......#.....#.).# ... #.#
#
#.....###..KK....###.###.#
#
#.##..###..##.....#...#..#
# #.
##..#..###.....#.8.#..# #
#..##..†..##..@...#...#..#
#
.................##)##..#
#
##.....))..##...........#
# ##..._...####..........#
# #.........##...........#
#
........................#
#
..##.....##.............#
. #..#..###..###########
#..###.. #..#


You could see a big kobold.

Vanquished Creatures
  The ghost of emperorscorpion the Chopper, a novice DsBe of Trog (D:6)
  A kobold demonologist (D:6)
  An ogre (D:6)
  A necrophage (D:6)
  A centaur (D:6)
  2 big kobolds (D:6)
  A bullfrog (D:6)
  2 scorpions
  An orc wizard (D:6)
  2 worker ants (D:4)
  A hound zombie (D:6)
  4 gnolls (D:3)
  3 adders
  2 dart slugs
  3 orcs (D:6)
  3 bats
  A giant cockroach (D:1)
  5 goblins
  3 hobgoblins
  A quokka (D:6)
  A ball python (D:2)
  5 kobolds
  A rat (D:3)
46 creatures vanquished.

Vanquished Creatures (others)
  2 fungi (D:6)
2 creatures vanquished.

Grand Total: 48 creatures vanquished

Notes
Turn   | Place    | Note
-------+----------+-------------------------------------------
     0 | D:1      | emperorscorpion the Minotaur Berserker began the quest for
                  | the Orb.
     0 | D:1      | Reached XP level 1. HP: 19/19 MP: 0/0
    94 | D:2      | Reached skill level 4 in Axes
    94 | D:2      | Reached XP level 2. HP: 27/27 MP: 1/1
   166 | D:3      | Reached XP level 3. HP: 30/33 MP: 2/2
   187 | D:3      | Reached XP level 4. HP: 41/41 MP: 3/3
   220 | D:4      | Reached ** piety under Trog
   295 | D:4      | Reached skill level 5 in Fighting
   295 | D:4      | Reached skill level 5 in Axes
   318 | D:5      | Entered Level 5 of the Dungeon
   412 | D:5      | Reached XP level 5. HP: 48/48 MP: 4/4
   470 | D:6      | Found a staircase to the Ecumenical Temple.
   476 | D:6      | Found a shadowy altar of Dithmenos.
   491 | D:6      | Reached skill level 6 in Axes
   491 | D:6      | Reached XP level 6. HP: 56/56 MP: 5/5
   617 | D:6      | Found a runed translucent gate.
   618 | D:6      | Found a runed translucent gate.
   618 | D:6      | Noticed emperorscorpion's ghost (novice DsBe)
   619 | D:6      | Found a runed translucent gate.
   620 | D:6      | Identified the +6 short sword of Autumn {chaos, rPois MP-9
                  | Int+5 Dex+2}
   627 | D:6      | Noticed a kobold demonologist
   650 | D:6      | Killed emperorscorpion's ghost
   650 | D:6      | Reached skill level 7 in Axes
   650 | D:6      | Reached XP level 7. HP: 53/63 MP: 6/6
   651 | D:6      | Killed a kobold demonologist
   651 | D:6      | Reached skill level 5 in Armour
   660 | D:6      | Reached skill level 8 in Axes
   746 | D:6      | Found a snail-covered altar of Cheibriados.
   786 | D:6      | Reached XP level 8. HP: 69/71 MP: 7/7
   889 | D:6      | Reached skill level 9 in Axes
   900 | D:6      | Splashed by a big kobold's acid

Levels and vault maps discovered:
D:1:      psy_arrival_fountain, layout_basic, serial_forest,
          infiniplex_forest_lined_2, infiniplex_forest_end_double,
          infiniplex_forest_clump_medium, infiniplex_forest_lined_2,
          infiniplex_forest_zigzag_1, infiniplex_forest_straight_2,
          infiniplex_forest_straight_4, infiniplex_forest_lined_3_way
D:2:      cheibrodos_helix_gallery, layout_loops_ring, elyvilon_altar_5,
          uniq_sigmund, uniq_jessica
D:3:      layout_rooms, gammafunk_ghost_nasty_kobolds, uniq_ijyb
D:4:      layout_loops_ring, kennysheep_crisscross
D:5:      layout_basic, first_ration, cheibrodos_sewer_entry_bend,
          corexii_item_surrounded_by_moat, nrook_mini_vaults
D:6:      layout_basic, kennysheep_slug_shrine,
          gammafunk_temple_overflow_forgotten, minmay_temple_entry_antechambers,
          gammafunk_ghost_nasty_kobolds, nicolae_dithmenos_shadow_blocks

Skill      XL: |  1  2  3  4  5  6  7  8 |
---------------+-------------------------+-----
Fighting       | 4 5 6 |  6.9
Axes           | 4 5 6 7 8 9 |  9.1
Armour         | 3 4 5 6 |  6.1
Dodging        | 3 |  3.3
Throwing       | |  0.5

Action                   |  1- 3 |  4- 6 |  7- 9 || total
-------------------------+-------+-------+-------++-------
Melee: Hand axe          |    34 |    69 |    42 ||   145
       Headbutt          |     6 |    10 |    11 ||    27
Throw: Boomerang         |       |       |     7 ||     7
Invok: Berserk           |     2 |     3 |     2 ||     7
       Trog's Hand       |       |       |     1 ||     1
  Use: Scroll            |       |     4 |     1 ||     5
       Potion            |       |     4 |       ||     4
  Eat: Ration            |       |     1 |       ||     1
       Chunk             |       |       |     3 ||     3
Armor: Plate armour      |    18 |    35 |    30 ||    83
       Skin              |       |    11 |       ||    11
Dodge: Dodged            |    12 |    13 |    11 ||    36

Table legend:
 A = Non-vault XP
 B = Vault XP
 C = Vault XP percentage of total XP
 D = Non-vault monster count
 E = Vault monster count
 F = Vault count percentage of total count
                 A         B        C        D         E       F
            +---------+---------+-------+---------+---------+-------
      Total |     862 |     971 |  53.0 |      39 |       7 |  15.2
            +---------+---------+-------+---------+---------+-------
        D:1 |       5 |       0 |   0.0 |       3 |       0 |   0.0
        D:2 |      25 |       6 |  19.4 |       8 |       2 |  20.0
        D:3 |      68 |       0 |   0.0 |      12 |       0 |   0.0
        D:4 |      69 |       0 |   0.0 |       2 |       0 |   0.0
        D:5 |      70 |       0 |   0.0 |       1 |       0 |   0.0
        D:6 |     625 |     965 |  60.7 |      13 |       5 |  27.8
            +---------+---------+-------+---------+---------+-------
